 Dungeon Crawl Stone Soup version 0.31-a0-240-gb923e448b6 (webtiles) character file.

Game seed: 1950821992509569900

30 qw the Shooter (level 3, -1/21 HPs)
             Began as a Gargoyle Hexslinger on July 11, 2023.
             Frozen to death by an endoplasm (2 damage)
             ... on level 2 of the Dungeon.
             The game lasted 00:00:23 (897 turns).

qw the Shooter (Gargoyle Hexslinger)                 Turns: 897, Time: 00:00:23

Health: -1/21      AC:  5    Str:  8 (11) XL:     3   Next: 18%
Magic:  4/4        EV: 10    Int: 10 (13) God:
Gold:   34         SH:  0    Dex: 11 (14) Spells: 3/4 levels left

rFire   . . .        Y - +1 sling
rCold   . . .        (no shield)
rNeg    + . .        g - +0 ring mail
rPois   inf          (no helmet)
rElec   +            (no cloak)
rCorr   .            (no gloves)
SInv    .            (no boots)
Will    .....        (no amulet)
Stlth   +            (no ring)
HPRegen 0.23/turn    (no ring)
MPRegen 0.09/turn

%: clarity
@: no status effects
A: sickness immunity, AC +3, negative energy resistance 1, electricity
resistance, torment resistance 1, petrification resistance, clarity, deformed
body
a: no special abilities


You were on level 2 of the Dungeon.
You visited 1 branch of the dungeon, and saw 2 of its levels.

You collected 34 gold pieces.


Innate Abilities, Weirdness & Mutations

You are immune to sickness and miasma.
Your stone body is resilient. (AC +3)
You are immune to poison.
You resist negative energy. (rN+)
You are resistant to electric shocks. (rElec)
You are resistant to unholy torment.
You are immune to petrification.
You possess an exceptional clarity of mind.
Armour fits poorly on your strangely shaped body.


   Skills:
 - Level 2.2 Fighting
 + Level 3.0 Ranged Weapons
 - Level 1.5 Dodging
 - Level 1.0 Spellcasting
 - Level 2.6 Hexes


You had 3 spell levels left.
You knew the following spells:

 Your Spells              Type           Power      Damage    Failure   Level
a - Slow                  Hex            20%        N/A       34%         1

Your spell library contained the following spells:

 Spells                   Type           Power      Damage    Failure   Level
 Inner Flame              Hex/Fire       3%         N/A       88%         3
 Portal Projectile        Hex/Tloc       6%         N/A       88%         3
 Cause Fear               Hex            2%         N/A       98%         4

Inventory:

Hand Weapons
 Y - a +1 sling (weapon)
Armour
 g - a +0 ring mail (worn)
Scrolls
 a - a scroll of fog {unknown}
 b - a scroll of vulnerability {unknown}
Potions
 e - a potion of heal wounds {unknown}
 h - a potion of mutation
 j - a potion of curing {unknown}

Dungeon Overview and Level Annotations

Branches:
Dungeon (2/15)

Altars:


Message History

You shoot a sling bullet. The sling bullet hits the adder.
The adder is lightly wounded.
The adder bites you but does no damage. The adder bites you.
You shoot a sling bullet. The sling bullet hits the adder.
The adder is moderately wounded.
The adder bites you but does no damage.
An endoplasm comes into view.
You shoot a sling bullet. The sling bullet hits the adder.
The adder is moderately wounded.
The adder bites you but does no damage. The adder bites you.
You shoot a sling bullet. The sling bullet hits the adder.
The adder is heavily wounded.
The adder bites you. x2
You shoot a sling bullet.
The sling bullet closely misses the adder.
The adder bites you but does no damage. The adder bites you.
You shoot a sling bullet.
The sling bullet barely misses the adder.
The adder misses you. The adder barely misses you.
You shoot a sling bullet. The sling bullet hits the adder.
The adder is severely wounded.
The adder completely misses you.
The endoplasm hits you but does no damage.
You shoot a sling bullet. The sling bullet misses the adder.
The adder bites you but does no damage. The endoplasm barely misses you.
The adder bites you but does no damage.
You shoot a sling bullet.
The sling bullet barely misses the adder.
The adder bites you. The endoplasm misses you.
The adder bites you but does no damage. The endoplasm closely misses you.
You shoot a sling bullet.
The sling bullet hits the adder but does no damage.
The adder is severely wounded.
The adder bites you. The endoplasm barely misses you.
The adder closely misses you.
You shoot a sling bullet. The sling bullet misses the adder.
The adder barely misses you. The endoplasm freezes you.
You are frozen.
You die...

...#..).....
...
.##..#######
#.# .#. .##..#
#.##.#. .#...#
#.....
.#...###### #..
.. >#........#
#.# .#
#...#####.#
##.##.# ##..#
#.###..S#J#.#
##.###
#.......@...#
##..#
#####...#.....#
##.#.#
##.########
##.)#.# #.#
#...#.# #.#
.#.##.# #.#
##.##.. ..#
#.#### ## #.#


You could see an adder and an endoplasm.

Vanquished Creatures
  An adder (D:2)
  A dart slug (D:1)
  3 ball pythons
  3 endoplasms
  2 giant cockroaches (D:1)
  2 hobgoblins (D:1)
  A bat (D:1)
  A frilled lizard (D:1)
  2 kobolds
  2 rats
18 creatures vanquished.

Notes
Turn   | Place    | Note
-------+----------+-------------------------------------------
     0 | D:1      | qw the Gargoyle Hexslinger began the quest for the Orb.
     0 | D:1      | Reached XP level 1. HP: 12/12 MP: 2/2
     0 | D:1      | 0 ||| qw: Version: 0.3-a-52-g30416fa
     0 | D:1      | 0 ||| qw: Game counter: 6026
     0 | D:1      | 0 ||| qw: Melee chars always use a shield: true
     0 | D:1      | 0 ||| qw: God list: Okawaru
     0 | D:1      | 0 ||| qw: Allow faded altars: false
     0 | D:1      | 0 ||| qw: Do Orc after clearing Dungeon:15 true
     0 | D:1      | 0 ||| qw: Do second Lair branch before Depths: true
     0 | D:1      | 0 ||| qw: Lair rune preference: random
     0 | D:1      | 0 ||| qw: Goals: Normal
     0 | D:1      | 0 ||| PLANNING D:1-11
    81 | D:1      | Reached XP level 2. HP: 16/16 MP: 3/3
   340 | D:1      | Reached skill level 3 in Ranged Weapons
   530 | D:1      | 530 ||| UPGRADING to +0 ring mail.
   540 | D:1      | 540 ||| DROPPING +0 robe.
   541 | D:1      | 541 ||| READING 3 scrolls labelled VYMU VIEPSYZOO.
   542 | D:1      | 542 ||| READING scroll labelled QOORPH VOMEFUOP.
   543 | D:1      | 543 ||| DRINKING 2 lumpy clear potions.
   543 | D:1      | Gained mutation: Armour fits poorly on your strangely
                  | shaped body. [potion of mutation]
   543 | D:1      | Gained mutation: You possess an exceptional clarity of
                  | mind. [potion of mutation]
   544 | D:1      | 544 ||| DRINKING 2 white potions.
   545 | D:1      | 545 ||| DROPPING 2 scrolls of revelation.
   546 | D:1      | 546 ||| DROPPING scroll of poison.
   547 | D:1      | 547 ||| DROPPING potion of degeneration.
   589 | D:2      | HP: 4/16 [frozen (1)]
   666 | D:2      | HP: 4/16 [adder (2)]
   691 | D:2      | Reached XP level 3. HP: 9/21 MP: 4/4
   895 | D:2      | HP: 4/21 [adder (3)]
   896 | D:2      | HP: 1/21 [adder (3)]
   897 | D:2      | Frozen to death by an endoplasm

Levels and vault maps discovered:
D:1:      minmay_arrival_radiant_lines, layout_rooms
D:2:      layout_loops_ring, serial_shops, shop, kennysheep_generic_room_6

Skill      XL: |  1  2 |
---------------+-------+-----
Ranged Weapons | 3 |  3.0
Fighting       | 2 |  2.2
Dodging        | |  1.5
Spellcasting   | |  1.0
Hexes          | |  2.6

Action                     || total
---------------------------++-------
   Fire: Sling             ||    95
    Use: Scroll            ||     2
         Potion            ||     2
 Armour: Robe              ||     4
         Ring mail         ||    47
  Dodge: Dodged            ||    61

Table legend:
 A = Non-vault XP
 B = Vault XP
 C = Vault XP percentage of total XP
 D = Non-vault monster count
 E = Vault monster count
 F = Vault count percentage of total count
                 A         B        C        D         E       F
            +---------+---------+-------+---------+---------+-------
      Total |      42 |       1 |   2.3 |      17 |       1 |   5.6
            +---------+---------+-------+---------+---------+-------
        D:1 |      22 |       0 |   0.0 |      12 |       0 |   0.0
        D:2 |      20 |       1 |   4.8 |       5 |       1 |  16.7
            +---------+---------+-------+---------+---------+-------
